 Dungeon Crawl Stone Soup version 0.29-a0-371-g91724d5b39 (webtiles) character file.

Game seed: 14779756120685282536

471 croobank the Covert (level 7, -19/59 HPs)
             Began as a Gnoll Delver on May 2, 2022.
             Demolished by an ogre
             ... wielding a +0 giant spiked club
              (20 damage)
             ... on level 4 of the Dungeon.
             The game lasted 00:15:29 (3784 turns).

croobank the Covert (Gnoll Delver)                  Turns: 3784, Time: 00:15:30

Health: -19/59     AC:  5    Str: 11    XL:     7   Next: 9%
Magic:  10/10      EV: 13    Int: 11    God:
Gold:   174        SH:  0    Dex: 14    Spells: 10/10 levels left

rFire   . . .      SeeInvis .   r - +0 battleaxe
rCold   + . .      Faith    .   (shield currently unavailable)
rNeg    . . .      Spirit   .   b - +0 leather armour
rPois   .          Reflect  .   u - +2 hat
rElec   .          Harm     .   (no cloak)
rCorr   .          Rampage  .   (no gloves)
Will    .....                   (no boots)
Stlth   ++++......              (no amulet)
HPRegen 0.19/turn               e - ring of protection from cold
MPRegen 0.12/turn               (no ring)

@: no status effects
A: fangs 1, strong nose, distributed training
a: no special abilities


You were on level 4 of the Dungeon.
You visited 1 branch of the dungeon, and saw 5 of its levels.

You collected 174 gold pieces.

Inventory:

Hand Weapons
 a - a +0 hand axe
 d - a +1 short sword of flaming
 f - a +0 short sword of draining
 j - a +0 shortbow
 r - a +0 battleaxe (weapon)
 x - a +0 hunting sling
Missiles
 i - 3 boomerangs
 k - 114 stones (quivered)
 p - 10 poisoned darts
 t - 4 silver boomerangs
Armour
 b - a +0 leather armour (worn)
 s - a +0 ring mail
 u - a +2 hat (worn)
 z - a +0 kite shield
Jewellery
 e - a ring of protection from cold (left hand)
Wands
 g - a wand of digging (10)
Scrolls
 h - 2 scrolls of vulnerability
 m - a scroll of fog
 n - a scroll of fear
 q - 2 scrolls of immolation
 w - 2 scrolls of teleportation {unknown}
 y - a scroll of identify
Potions
 c - a potion of invisibility
 l - 2 potions of curing
 o - 2 potions of attraction {unknown}
 v - a potion of degeneration {unknown}
 A - a potion of flight {unknown}
 B - a potion of might {unknown}


   Skills:
 + Level 6.9 Fighting
 + Level 2.2 Short Blades
 + Level 2.2 Long Blades
 + Level 5.1 Axes
 + Level 2.2 Maces & Flails
 + Level 2.2 Polearms
 + Level 2.2 Staves
 + Level 2.2 Slings
 + Level 2.2 Bows
 + Level 2.2 Crossbows
 + Level 2.2 Throwing
 + Level 2.2 Armour
 + Level 5.1 Dodging
 + Level 9.8 Stealth
 + Level 2.2 Shields
 + Level 2.2 Unarmed Combat
 + Level 2.2 Spellcasting
 + Level 1.8 Conjurations
 + Level 1.8 Hexes
 + Level 1.8 Summonings
 + Level 1.8 Necromancy
 + Level 1.8 Translocations
 + Level 1.8 Transmutations
 + Level 1.8 Fire Magic
 + Level 1.8 Ice Magic
 + Level 1.8 Air Magic
 + Level 1.8 Earth Magic
 + Level 1.8 Poison Magic
 + Level 2.5 Invocations
 + Level 2.2 Evocations


You had 10 spell levels left.
You didn't know any spells.
Your spell library contained the following spells:

 Spells                   Type           Power      Damage    Failure   Level
 Summon Small Mammal      Summ           20%        N/A       17%         1
 Call Canine Familiar     Summ           5%         N/A       45%         3
 Confusing Touch          Hex            5%         N/A       45%         3
 Summon Guardian Golem    Hex/Summ       5%         N/A       45%         3
 Yara's Violent Unravell  Hex/Tmut       2%         3d3       99%         5
 Enfeeble                 Hex            2%         N/A       100%        7


Dungeon Overview and Level Annotations

Branches:
Dungeon (5/15)             Temple (0/1) D:5

Altars:

Shops:
D:4 (

Annotations:
D:2 Sigmund


Innate Abilities, Weirdness & Mutations

You have very sharp teeth.
Your uncanny sense of smell can sniff out nearby items.
Your experience applies equally to all skills.


Message History

You barely miss the gnoll. The gnoll barely misses you. The gnoll misses you.
The gnoll hits you but does no damage. The gnoll closely misses you.
You barely miss the gnoll. Your bite misses the gnoll.
The gnoll barely misses you.
The gnoll hits you from afar with a +0 spear.
You barely miss the gnoll. The gnoll hits you with a +0 spear.
The gnoll hits you from afar with a +0 spear.
The gnoll barely misses you. The gnoll closely misses you.
You closely miss the gnoll.
The gnoll hits you but does no damage. x2
You completely miss the gnoll. The gnoll hits you with a +0 spear.
The gnoll hits you from afar with a +0 spear.
The gnoll closely misses you. The gnoll hits you with a +0 spear.
Unknown command.
You hit the gnoll. You bite the gnoll, but do no damage.
The gnoll is moderately wounded.
The gnoll closely misses you.
The gnoll hits you from afar with a +0 spear.
You slash the gnoll!
You kill the gnoll!
The gnoll barely misses you. The gnoll closely misses you.
You see here a +0 spear.
The ogre shouts!
You slash the gnoll!
You kill the gnoll!
A gnoll comes into view. It is wielding a +0 spear.
The giant cockroach barely misses you.
The gnoll shouts!
You slash the giant cockroach!
You kill the giant cockroach!
The ogre hits you with a +0 giant spiked club!!!
Ouch! That really hurt!
* * * LOW HITPOINT WARNING * * *
You hear a shout!
Things that are here:
a +0 spear; a giant cockroach corpse; a gnoll corpse You see here a +0 spear.
The ogre attacks as you move away!
The ogre hits you with a +0 giant spiked club!!
You die...

######## #......#
#.####.# #.# #@#
#.# #O# #######.#
#.# #####
#####..†....####g#
#....
.................#
#.###
.####.###........#
#.# .# #.#
#.######.# #.#
.####.###....
∆.... #.#
.........#### #..
#.#


You could see an ogre and a gnoll.

Vanquished Creatures
  2 black bears
  A centaur (D:4)
  A hound (D:4)
  An orc priest (D:4)
  Natasha (D:2)
  5 adders
  2 gnolls (D:4)
  A dart slug (D:2)
  6 orcs
  4 endoplasms
  4 giant cockroaches
  5 goblins
  4 hobgoblins
  3 jackals (D:1)
  2 kobolds
  6 quokkas
  5 ball pythons
  A frilled lizard (D:3)
  6 rats
60 creatures vanquished.

Notes
Turn   | Place    | Note
-------+----------+-------------------------------------------
     0 | D:5      | Reached skill level 9 in Stealth
     0 | D:5      | croobank the Gnoll Delver began the quest for the Orb.
     0 | D:5      | Reached XP level 1. HP: 23/23 MP: 1/1
     8 | D:5      | Noticed a necrophage
     9 | D:5      | Noticed a scorpion
    92 | D:4      | Reached XP level 2. HP: 22/29 MP: 2/2
   707 | D:1      | Found a faded altar of an unknown god.
   791 | D:1      | Reached XP level 3. HP: 35/35 MP: 3/3
  1282 | D:2      | Noticed Natasha
  1499 | D:2      | Reached skill level 1 in Invocations
  1620 | D:2      | Noticed Sigmund
  1668 | D:2      | Reached skill level 1 in Short Blades
  1668 | D:2      | Reached skill level 1 in Long Blades
  1668 | D:2      | Reached skill level 1 in Maces & Flails
  1668 | D:2      | Reached skill level 1 in Polearms
  1668 | D:2      | Reached skill level 1 in Staves
  1668 | D:2      | Reached skill level 1 in Slings
  1668 | D:2      | Reached skill level 1 in Bows
  1668 | D:2      | Reached skill level 1 in Crossbows
  1668 | D:2      | Reached skill level 1 in Throwing
  1668 | D:2      | Reached skill level 1 in Armour
  1668 | D:2      | Reached skill level 1 in Shields
  1668 | D:2      | Reached skill level 1 in Unarmed Combat
  1668 | D:2      | Reached skill level 1 in Spellcasting
  1668 | D:2      | Reached skill level 1 in Evocations
  1696 | D:2      | Killed Natasha
  1697 | D:2      | Reached XP level 4. HP: 3/41 MP: 5/5
  2182 | D:3      | Noticed a black bear
  2299 | D:3      | Reached skill level 1 in Conjurations
  2299 | D:3      | Reached skill level 1 in Hexes
  2299 | D:3      | Reached skill level 1 in Summonings
  2299 | D:3      | Reached skill level 1 in Necromancy
  2299 | D:3      | Reached skill level 1 in Translocations
  2299 | D:3      | Reached skill level 1 in Transmutations
  2299 | D:3      | Reached skill level 1 in Fire Magic
  2299 | D:3      | Reached skill level 1 in Ice Magic
  2299 | D:3      | Reached skill level 1 in Air Magic
  2299 | D:3      | Reached skill level 1 in Earth Magic
  2299 | D:3      | Reached skill level 1 in Poison Magic
  2643 | D:3      | Reached XP level 5. HP: 47/47 MP: 6/6
  3067 | D:3      | Killed a black bear
  3230 | D:4      | Noticed a centaur
  3239 | D:4      | Found Tainiluc's Antique Weapon Shop.
  3245 | D:4      | Killed a centaur
  3246 | D:4      | Reached XP level 6. HP: 41/53 MP: 8/8
  3356 | D:4      | Reached skill level 5 in Axes
  3356 | D:4      | Reached skill level 5 in Dodging
  3667 | D:4      | Noticed a black bear
  3676 | D:4      | Killed a black bear
  3677 | D:4      | Reached XP level 7. HP: 48/59 MP: 10/10
  3782 | D:4      | HP: 1/59 [ogre/+0 giant spiked club (37)]
  3784 | D:4      | Demolished by an ogre

Illustrated notes

Levels and vault maps discovered:
D:1:      onia_arrival_mini_maze, layout_basic, ebering_ecumenical_altar_webs
D:2:      layout_basic, feat_on_display, uniq_natasha, uniq_sigmund
D:3:      layout_loops_corners
D:4:      layout_basic, nicolae_overflow_hidden_temple, serial_shops,
          nicolae_shop_advertising_works [nicolae_subvault_shop_adworks]
D:5:      cheibrodos_helix_gallery, layout_basic, temple_doors_e, serial_shops,
          shop_fountains

Skill      XL: |  1  2  3  4  5  6 |
---------------+-------------------+-----
Stealth        | |  9.8
Invocations    | 1 2 |  2.5
Short Blades   | 1 2 |  2.2
Long Blades    | 1 2 |  2.2
Maces & Flails | 1 2 |  2.2
Polearms       | 1 2 |  2.2
Staves         | 1 2 |  2.2
Slings         | 1 2 |  2.2
Bows           | 1 2 |  2.2
Crossbows      | 1 2 |  2.2
Throwing       | 1 2 |  2.2
Armour         | 1 2 |  2.2
Shields        | 1 2 |  2.2
Unarmed Combat | 1 2 |  2.2
Spellcasting   | 1 2 |  2.2
Evocations     | 1 2 |  2.2
Conjurations   | 1 |  1.8
Hexes          | 1 |  1.8
Summonings     | 1 |  1.8
Necromancy     | 1 |  1.8
Translocations | 1 |  1.8
Transmutations | 1 |  1.8
Fire Magic     | 1 |  1.8
Ice Magic      | 1 |  1.8
Air Magic      | 1 |  1.8
Earth Magic    | 1 |  1.8
Poison Magic   | 1 |  1.8
Axes           | 5 |  5.1
Dodging        | 5 |  5.1
Fighting       | |  6.9

Action                   |  1- 3 |  4- 6 |  7- 9 || total
-------------------------+-------+-------+-------++-------
Melee: Short sword       |    58 |    20 |       ||    78
       Bite              |     1 |    10 |     1 ||    12
       Unarmed           |     6 |       |       ||     6
       Punch             |     2 |     1 |       ||     3
       Hand axe          |       |    16 |       ||    16
       Battleaxe         |       |    56 |    10 ||    66
 Fire: Hunting sling     |       |     1 |       ||     1
Evoke: Wand              |       |     1 |       ||     1
  Use: Scroll            |     3 |     6 |       ||     9
       Potion            |     4 |     1 |       ||     5
 Stab: Sleeping          |    16 |    10 |       ||    26
       Distracted        |       |     1 |       ||     1
Armor: Leather armour    |    10 |    39 |     3 ||    52
Dodge: Dodged            |    53 |    93 |    13 ||   159

Table legend: (Time is in decaauts)
 A = Elapsed time spent in this place.
 B = Non-inter-level travel time spent in this place.
 C = Inter-level travel time spent in this place.
 D = Time resting spent in this place.
 E = Time spent auto-exploring this place.
 F = Levels seen in this place.
 G = Mean time per level.
                   A        B        C        D        E       F      G
               +--------+--------+--------+--------+--------+-----+--------+
         Total |   3810 |   3683 |    127 |    956 |   1427 |   5 |  762.0 |
       Dungeon |   3810 |   3683 |    127 |    956 |   1427 |   5 |  762.0 |
               +--------+--------+--------+--------+--------+-----+--------+

Top non-repeatable levels by time:
     D:3: 1427 daAuts
     D:1: 1096 daAuts
     D:4: 785 daAuts
     D:2: 451 daAuts
     D:5: 49 daAuts
